 Dungeon Crawl Stone Soup version 0.29.1-1-gd02db6906a (webtiles) character file.

Game seed: 3071374299987047742

3388 Earthwalker the Cleaver (level 9, -9/74 (79) HPs)
             Began as a Minotaur Fighter on Oct 13, 2022.
             Was a Follower of Okawaru.
             Mangled by an orc knight
             ... wielding a +0 halberd
              (11 damage)
             ... in a bailey.
             The game lasted 00:16:56 (6785 turns).

Earthwalker the Cleaver (Minotaur Fighter)          Turns: 6785, Time: 00:16:56

HP:   -9/74 (79)    AC: 28    Str: 25    XL:     9   Next: 74%
MP:   8/8           EV:  9    Int:  5    God:    Okawaru [*.....]
Gold: 432           SH:  5    Dex: 10    Spells: 8/8 levels left

rFire   . . .      SeeInvis .   a - +0 war axe
rCold   + . .      Faith    .   c - +0 buckler
rNeg    . . .      Spirit   .   H - +18 Lear's hauberk
rPois   .          Reflect  .   (helmet currently unavailable)
rElec   .          Harm     .   (no cloak)
rCorr   +          Rampage  .   (gloves currently unavailable)
Will    .....                   (boots currently unavailable)
Stlth   ..........              w - amulet of the acrobat
HPRegen 0.22/turn               f - ring of protection from cold
MPRegen 0.11/turn               m - ring of resist corrosion

@: drained
A: horns 2, retaliatory headbutt
a: Renounce Religion, Heroism


You were in a bailey.
You worshipped Okawaru.
Okawaru was aware of your devotion.
You visited 2 branches of the dungeon, and saw 9 of its levels.
You also visited: Ossuary and Bailey.

You collected 432 gold pieces.

Inventory:

Hand Weapons
 a - a +0 war axe (weapon)
 P - a +4 vorpal war axe
Missiles
 g - 34 poisoned darts (quivered)
 k - 2 boomerangs
 n - 71 stones
 J - 5 javelins
Armour
 b - a +0 scale mail
 c - a +0 buckler (worn)
 h - a +2 pair of gloves
 G - a +0 troll leather armour {Pargi}
 H - the +18 Lear's hauberk (worn)
   (You found it on level 4 of the Dungeon)
 L - a +2 hat
 N - a +0 plate armour
Jewellery
 f - a ring of protection from cold (left hand)
 m - a ring of resist corrosion (right hand)
 w - an amulet of the acrobat (around neck)
Wands
 s - a wand of light (11)
 v - a wand of iceblast (5)
 A - a wand of flame (11)
Scrolls
 j - a scroll of blinking
 p - 3 scrolls of noise
 r - a scroll of teleportation
 z - a scroll of torment {unknown}
 B - a scroll of brand weapon {unknown}
 C - 2 scrolls of immolation {unknown}
 E - 4 scrolls of identify {unknown}
 F - 2 scrolls of fear {unknown}
 I - 6 scrolls of enchant armour {unknown}
 M - 2 scrolls of amnesia {unknown}
Potions
 d - 4 potions of might
 e - a potion of attraction {unknown}
 i - 2 potions of brilliance {unknown}
 l - 8 potions of curing {unknown}
 o - 5 potions of invisibility {unknown}
 q - 2 potions of magic {unknown}
 t - 4 potions of mutation {unknown}
 u - 3 potions of berserk rage {unknown}
 x - 3 potions of flight {unknown}
 D - 3 potions of degeneration {unknown}
 K - 3 potions of haste {unknown}
 O - a potion of heal wounds {unknown}
 Q - a potion of resistance {unknown}


   Skills:
 * Level 7.5 Fighting
 * Level 11.6 Axes
 * Level 7.1 Armour
 * Level 4.7 Dodging
 * Level 6.9 Shields


You had 8 spell levels left.
You didn't know any spells.
Your spell library contained the following spells:

 Spells                   Type           Power      Damage    Failure   Level
 Apportation              Tloc           0%         N/A       98%         1
 Magic Dart               Conj           0%         1d3       98%         1
 Blink                    Tloc           0%         N/A       99%         2
 Inner Flame              Hex/Fire       0%         N/A       100%        3
 Mephitic Cloud           Conj/Pois/Air  0%         N/A       100%        3
 Cause Fear               Hex            0%         N/A       100%        4
 Alistair's Intoxication  Tmut/Pois      0%         N/A       100%        5
 Manifold Assault         Tloc           0%         N/A       100%        5
 Storm Form               Tmut/Air       0%         N/A       100%        7
 Discord                  Hex            0%         N/A       100%        8
 Call Imp                 Summ           Unusable   N/A       N/A         2

Dungeon Overview and Level Annotations

Branches:
Dungeon (8/15)             Temple (1/1) D:7         Ossuary (visited)
 Bailey (1/1)
   Lair: D:8-11

Altars:
Ashenzari
Dithmenos
Elyvilon
Fedhas
Gozag
Hepliaklqana
Kikubaaqudgha
Makhleb
Nemelex Xobeh
Okawaru
Qazlal
Ru
Sif Muna
Trog
Uskayaw
Vehumet
Wu Jian
Xom
Yredelemnul
Zin
The Shining One


Innate Abilities, Weirdness & Mutations

You have a pair of horns on your head.
You reflexively headbutt those who attack you in melee.


Message History

The orc knight is moderately wounded.
The orc knight hits you with a +0 halberd!
The gnoll barely misses you.
You closely miss the orc knight.
The orc knight is moderately wounded.
The orc knight hits you but does no damage.
The gnoll barely misses you.
You hit the orc knight. Your headbutt misses the orc knight.
The orc knight is moderately wounded.
You hit the orc knight but do no damage.
The orc knight is moderately wounded.
You block the orc knight's attack. The gnoll barely misses you.
You barely miss the orc knight. Your headbutt misses the orc knight.
The orc knight is moderately wounded.
The orc knight hits you with a +0 halberd!!
* * * LOW HITPOINT WARNING * * *
The gnoll hits you from afar with a +2 halberd of draining.
* * * LOW HITPOINT WARNING * * *
You feel drained.
* * * LOW HITPOINT WARNING * * *
You closely miss the orc knight.
The orc knight is moderately wounded.
The orc knight hits you but does no damage.
The gnoll hits you but does no damage.
You feel drained.
Unknown command.
You slash the orc knight! Your headbutt misses the orc knight.
The orc knight is moderately wounded.
The orc knight hits you but does no damage.
The gnoll closely misses you.
Unknown command.
You miss the orc knight. You headbutt the orc knight.
The orc knight is heavily wounded.
The orc knight hits you with a +0 halberd.
* * * LOW HITPOINT WARNING * * *
The gnoll closely misses you.
Unknown command.
You barely miss the orc knight.
The orc knight is heavily wounded.
The orc knight hits you with a +0 halberd!
You die...

#.#.###)###)#
+##+ +#
#'##'##'##
#!.! ##.....##
#.!.!
###.....###
+!.⌠.
#)'..⌠..')#
!.!(
###.....###
.!# ##.....##
#g###'##'##'##
#o@.###.###.#
##### ### ###


You could see an orc knight and a gnoll.

Vanquished Creatures
  Prince Ribbit (D:5)
  A wyvern (D:7)
  Menkaure (Ossuary)
  2 orc warriors
  A black bear (D:6)
  Pargi (D:4)
  A sky beast (D:8)
  An ogre (D:7)
  2 phantoms
  2 kobold brigands
  An elf zombie (D:4)
  A bullfrog (D:8)
  A necrophage (D:7)
  A scorpion (D:6)
  13 wights
  4 howler monkeys
  7 hounds
  4 orc priests
  3 jellies
  2 human skeletons (D:4)
  Terence (D:2)
  Ijyb (D:5)
  Natasha (thrice) (D:3)
  4 orc wizards
  3 mummies (Ossuary)
  5 gnolls (Bailey)
  5 adders
  4 shadow imps
  A white imp (D:6)
  An ufetubus (D:4)
  3 worms
  3 dart slugs (D:2)
  24 orcs
  A ball python (D:2)
  5 bats
  5 endoplasms
  4 giant cockroaches
  3 gnoll zombies (Ossuary)
  13 goblins
  7 hobgoblins
  7 jackals (D:2)
  20 kobolds
  2 quokkas (D:5)
  3 frilled lizards
  3 gnoll skeletons (Ossuary)
  2 goblin zombies (Ossuary)
  4 hobgoblin skeletons (Ossuary)
  6 hobgoblin zombies (Ossuary)
  4 kobold skeletons (Ossuary)
  6 kobold zombies (Ossuary)
  9 orc skeletons
  5 orc zombies
  5 rats
  7 rat skeletons (Ossuary)
  4 rat zombies (Ossuary)
233 creatures vanquished.

Vanquished Creatures (others)
  5 demonic plants (D:3)
  7 fungi (D:3)
  8 plants (D:3)
  2 withered plants (D:3)
22 creatures vanquished.

Grand Total: 255 creatures vanquished

Notes
Turn   | Place    | Note
-------+----------+-------------------------------------------
     0 | D:1      | Earthwalker the Minotaur Fighter began the quest for the
                  | Orb.
     0 | D:1      | Reached XP level 1. HP: 19/19 MP: 0/0
   381 | D:1      | Reached XP level 2. HP: 27/27 MP: 1/1
   728 | D:2      | Noticed Terence
   738 | D:2      | Killed Terence
   739 | D:2      | Reached skill level 1 in Dodging
   739 | D:2      | Reached XP level 3. HP: 21/33 MP: 2/2
   893 | D:2      | Reached skill level 3 in Axes
   997 | D:2      | Reached XP level 4. HP: 39/40 MP: 3/3
  1762 | D:3      | Found a faded altar of an unknown god.
  1872 | D:3      | Noticed Natasha
  1878 | D:3      | Killed Natasha
  1879 | D:3      | Reached XP level 5. HP: 40/46 MP: 4/4
  1937 | D:3      | Reached skill level 4 in Axes
  2085 | D:3      | Noticed Natasha
  2093 | D:3      | Killed Natasha
  2263 | D:3      | Noticed Natasha
  2269 | D:3      | Killed Natasha
  2373 | D:4      | Found a glowing golden altar of the Shining One.
  2562 | D:4      | Reached skill level 5 in Axes
  2562 | D:4      | Reached XP level 6. HP: 29/53 MP: 5/5
  2691 | D:4      | Reached skill level 5 in Armour
  2713 | D:4      | Found a sand-covered staircase.
  2765 | Ossuary  | Entered an ossuary
  2851 | Ossuary  | Reached skill level 5 in Shields
  3155 | Ossuary  | Noticed Menkaure
  3159 | Ossuary  | Killed Menkaure
  3160 | Ossuary  | Reached skill level 6 in Axes
  3160 | Ossuary  | Reached XP level 7. HP: 60/60 MP: 6/6
  3233 | D:4      | Noticed Pargi
  3244 | D:4      | Killed Pargi
  3245 | D:4      | Reached skill level 5 in Fighting
  3293 | D:4      | Found the +18 Lear's hauberk
  3570 | D:5      | Entered Level 5 of the Dungeon
  3679 | D:5      | Found a shadowy altar of Dithmenos.
  3688 | D:5      | Reached skill level 7 in Axes
  3735 | D:5      | Noticed Prince Ribbit
  3742 | D:5      | Killed Prince Ribbit
  3749 | D:5      | Reached XP level 8. HP: 68/68 MP: 7/7
  3829 | D:5      | Noticed Ijyb
  3836 | D:5      | Killed Ijyb
  3837 | D:5      | Reached skill level 8 in Axes
  4622 | D:6      | Found a stormy altar of Qazlal.
  4635 | D:6      | Found a shimmering blue altar of Sif Muna.
  4692 | D:6      | Found a sparkling altar of Nemelex Xobeh.
  4695 | D:6      | Found a hazy altar of Hepliaklqana.
  4759 | D:6      | Reached skill level 9 in Axes
  5285 | D:7      | Found a staircase to the Ecumenical Temple.
  5621 | D:7      | Reached XP level 9. HP: 78/78 MP: 8/8
  5632 | D:7      | Reached skill level 10 in Axes
  6260 | Temple   | Entered the Ecumenical Temple
  6289 | Temple   | Became a worshipper of Warmaster Okawaru
  6448 | D:8      | Reached skill level 11 in Axes
  6481 | D:8      | Reached * piety under Okawaru
  6584 | D:8      | Found a flagged portal.
  6595 | Bailey   | Entered a bailey
  6768 | Bailey   | Noticed an orc knight
  6784 | Bailey   | HP: 2/74 [orc knight/+0 halberd (4)]
  6785 | Bailey   | Mangled by an orc knight

Illustrated notes

Levels and vault maps discovered:
D:1:      scummos_arrival_hexagon, layout_rooms
D:2:      cheibrodos_greedy_goblins, layout_basic, uniq_terence
D:3:      layout_rooms, shapermc_ecumenical_altar_gd, chequers_garden,
          minivault_5, uniq_natasha
D:4:      layout_rooms, nicolae_tso_swordbearing_angel,
          nicolae_ossuary_entry_catacombs, uniq_pargi
D:5:      layout_basic, grunt_dithmenos_shadows, uniq_ijyb, uniq_prince_ribbit1
D:6:      layout_loops_cross, nicolae_overflow_hidden_temple
D:7:      layout_basic, temple_pool_b, sigmund_army
D:8:      layout_loops_cross, enter_bailey_3, minmay_misc_feat_secret_circle,
          nicolae_two_hexagons, chequers_serial_rivers_micro_b
Temple:   eino_wide_crystal_templ
Bailey:   bailey_polearm_nasty_gnolls, bailey

Skill      XL: |  1  2  3  4  5  6  7  8  9 |
---------------+----------------------------+-----
Shields        | 4 5 6 |  6.9
Armour         | 4 5 6 7 |  7.1
Fighting       | 4 5 6 7 |  7.5
Dodging        | 1 2 3 4 |  4.7
Axes           | 3 5 6 7 9 11 | 11.6

Action                   |  1- 3 |  4- 6 |  7- 9 || total
-------------------------+-------+-------+-------++-------
Melee: War axe           |    56 |   204 |   317 ||   577
       Headbutt          |    11 |    35 |    51 ||    97
Throw: Dart              |       |       |     1 ||     1
  Use: Scroll            |       |       |     7 ||     7
Armor: Scale mail        |    26 |    57 |     8 ||    91
       Chain mail        |       |       |   178 ||   178
Dodge: Dodged            |    28 |    66 |   162 ||   256
Block: Buckler           |    10 |    28 |    75 ||   113
